 Dungeon Crawl Stone Soup version 0.28.0-1-gb440e238dd (webtiles) character file.

Game seed: 15340811227463943460

6 Snicker the Sneak (level 1, 0/18 HPs)
             Began as a Demonspawn Delver on Feb 21, 2022.
             Succumbed to an orc's poison
             ... on level 5 of the Dungeon.
             The game lasted 00:00:29 (249 turns).

Snicker the Sneak (Demonspawn Delver)                Turns: 249, Time: 00:00:30

Health: 0/18       AC:  3    Str: 12    XL:     1   Next: 75%
Magic:  1/1        EV: 11    Int: 11    God:
Gold:   6          SH:  0    Dex: 14    Spells: 0/0 levels left

rFire   . . .      SeeInvis .   a - +0 short sword
rCold   . . .      Faith    .   (no shield)
rNeg    . . .      Spirit   .   b - +0 leather armour
rPois   .          Reflect  .   (no helmet)
rElec   .          Harm     .   (no cloak)
rCorr   .          Rampage  .   (no gloves)
Will    .....                   (no boots)
Stlth   +++.......              (no amulet)
HPRegen 0.06/turn               (no ring)
MPRegen 0.07/turn               (no ring)

@: lethally poisoned (0 -> -12)
A: no striking features
a: no special abilities


You were on level 5 of the Dungeon.
You visited 1 branch of the dungeon, and saw 2 of its levels.

You collected 6 gold pieces.

Inventory:

Hand Weapons
 a - a +0 short sword (weapon)
Armour
 b - a +0 leather armour (worn)
Wands
 g - a wand of digging (3)
Scrolls
 c - a scroll of fog
 d - a scroll of magic mapping
 h - 2 scrolls of teleportation {unknown}
Potions
 f - a potion of haste


   Skills:
 + Level 3.0 Fighting
 * Level 1.7 Short Blades
 + Level 1.7 Dodging
 * Level 4.8 Stealth


You couldn't memorise any spells.
You didn't know any spells.
Your spell library was empty.

Dungeon Overview and Level Annotations

Branches:
Dungeon (6/15)
 Temple: D:4-7

Altars:


Message History

As you read the scroll of fear, it crumbles to dust.
You assume a fearsome visage.
The howler monkey looks frightened!
The hound looks frightened!
There is a stone staircase leading down here.
You climb downwards.
You hear the hiss of flowing sand.
There is an entrance to an ossuary on this level.
Hurry and find it before the portal is buried!
There is a stone staircase leading up here.
You hear the slow hiss of an avalanche of sand nearby.
You hear the slow hiss of an avalanche of sand nearby.
A wight comes into view. It is wielding a +4 great sword.
Unknown command.
There is a stone staircase leading up here.
You climb upwards.
There is a stone staircase leading down here.
An orc comes into view. It is wielding a +0 short sword.
The orc shouts!
You hear a shout!
An orc comes into view.
It is wielding a +0 short sword of venom.
You hit the orc but do no damage. The orc barely misses you.
You barely miss the orc. The orc completely misses you.
You hit the orc but do no damage. The orc hits you but does no damage.
You hit the orc.
The orc is almost dead.
The orc barely misses you.
You hit the orc.
You kill the orc!
The orc misses you.
Things that are here:
a +0 short sword; a +0 ring mail; an orc corpse You closely miss the orc.
The orc hits you with a +0 short sword of venom.
You are lethally poisoned!
You hit the orc.
You kill the orc!
* * * LOW HITPOINT WARNING * * *
You feel very sick.
* * * LOW HITPOINT WARNING * * *
You feel very sick.
You see here a +0 short sword of venom.
You die...

......#.....###
#####...##### ##..)..###
#..##...## ####
#.>..#####..# #... #...###
##.# #... #..# #.#####...
..###.############....##...
........))@................
..#########..............>#
#############.... ##### #


There were no monsters in sight!

Vanquished Creatures
  3 orcs (D:5)
3 creatures vanquished.

Notes
Turn   | Place    | Note
-------+----------+-------------------------------------------
     0 | D:5      | Snicker the Demonspawn Delver began the quest for the Orb.
     0 | D:5      | Reached XP level 1. HP: 18/18 MP: 1/1
    48 | D:5      | Noticed a howler monkey
    50 | D:5      | Noticed a hound
   214 | D:6      | Noticed a wight
   249 | D:5      | Succumbed to an orc's poison

Illustrated notes

Levels and vault maps discovered:
D:5:      layout_rooms, minmay_increasing_density
D:6:      layout_loops_cross, mainiacjoe_overflow_boulevard, slow_altar_1,
          minmay_temple_entry_large_hall, enter_ossuary_4, uniq_grinder

Action                   || total
-------------------------++-------
Melee: Short sword       ||    14
  Use: Scroll            ||     1
Armor: Leather armour    ||     4
Dodge: Dodged            ||     8
